 Dungeon Crawl Stone Soup version 0.29.0-4-gdea44cf6ec (webtiles) character file.

Game seed: 15310898837503700278

63 qw the Caller (level 4, 0/36 HPs)
             Began as a Ghoul Summoner on Sept 9, 2022.
             Slain by a hobgoblin (2 damage)
             ... on level 2 of the Dungeon.
             The game lasted 00:01:11 (2928 turns).

qw the Caller (Ghoul Summoner)                      Turns: 2928, Time: 00:01:11

Health: 0/36       AC:  2    Str: 13    XL:     4   Next: 9%
Magic:  0/5        EV: 12    Int: 10    God:
Gold:   105        SH:  0    Dex:  9    Spells: 5/6 levels left

rFire   . . .      SeeInvis .   Y - +0 whip
rCold   + . .      Faith    .   (no shield)
rNeg    + + +      Spirit   .   a - +0 robe
rPois   inf        Reflect  .   (no helmet)
rElec   .          Harm     .   (no cloak)
rCorr   .          Rampage  .   (no gloves)
Will    .....                   (no boots)
Stlth   ++........              (no amulet)
HPRegen 0.00/turn               (no ring)
MPRegen 0.09/turn               (no ring)

@: inhibited regen
A: claws 1, cold resistance 1, negative energy resistance 3, inhibited
regeneration, torment resistance 2, devour on kill
a: no special abilities


You were on level 2 of the Dungeon.
You visited 1 branch of the dungeon, and saw 2 of its levels.

You collected 105 gold pieces.


Innate Abilities, Weirdness & Mutations

You are immune to poison.
You have sharp fingernails.
Your flesh is cold resistant. (rC+)
You are immune to negative energy. (rN+++)
You do not regenerate when monsters are visible.
You are immune to unholy pain and torment.
You thrive by killing the living.


   Skills:
 - Level 2.0 Fighting
 + Level 2.6 Axes
 - Level 1.7 Dodging
 - Level 2.1 Stealth
 - Level 1.7 Spellcasting
 - Level 3.6 Summonings


You had 5 spell levels left.
You knew the following spells:

 Your Spells              Type           Power      Damage    Failure   Level
a - Summon Small Mammal   Summ           32%        N/A       8%          1

Your spell library contained the following spells:

 Spells                   Type           Power      Damage    Failure   Level
 Call Imp                 Summ           8%         N/A       11%         2
 Call Canine Familiar     Summ           8%         N/A       22%         3
 Summon Guardian Golem    Hex/Summ       4%         N/A       43%         3
 Summon Lightning Spire   Summ/Air       4%         N/A       83%         4

Inventory:

Hand Weapons
 Y - a +0 whip (weapon)
Armour
 a - a +0 robe (worn)
 e - a +0 leather armour
Scrolls
 b - a scroll of fog {unknown}
 c - a scroll of enchant weapon {unknown}
 d - a scroll of summoning {unknown}
Potions
 i - a potion of brilliance {unknown}
 j - a potion of cancellation

Dungeon Overview and Level Annotations

Branches:
Dungeon (2/15)

Altars:
Cheibriados


Message History

Casting: Summon Small Mammal (safe; 8% risk of failure)
Confirm with . or Enter, or press ? or * to list all spells.
The hobgoblin hits you but does no damage.
The goblin hits you but does no damage.
You hit the hobgoblin but do no damage.
The hobgoblin is heavily wounded.
Your bat hits the goblin. The goblin hits you with a +0 club.
The hobgoblin closely misses you. The goblin barely misses you.
You barely miss the hobgoblin.
The hobgoblin is heavily wounded.
Your bat hits the goblin. The goblin hits you with a +0 club.
The hobgoblin hits you. The goblin hits you with a +0 club.
You barely miss the goblin.
The goblin is heavily wounded.
Your bat hits the goblin. The goblin barely misses you.
The hobgoblin closely misses you. The goblin closely misses your bat.
You hit the goblin.
You kill the goblin!
You feel better.
Your bat hits the hobgoblin but does no damage.
The goblin hits you but does no damage. The hobgoblin hits you.
You barely miss the goblin.
The goblin is heavily wounded.
Your bat hits the hobgoblin but does no damage.
The goblin hits you with a +0 club. The hobgoblin misses you.
You hit the goblin.
The goblin is severely wounded.
Your bat barely misses the hobgoblin.
Your bat misses the goblin. The goblin hits you with a +0 club.
The hobgoblin hits you.
Your bat closely misses the goblin.
You closely miss the goblin.
The goblin is severely wounded.
Your bat barely misses the hobgoblin.
The goblin barely misses you. The hobgoblin hits you.
You closely miss the goblin.
The goblin is severely wounded.
Your bat barely misses the hobgoblin.
The goblin barely misses you. The hobgoblin hits you.
The goblin hits you with a +0 club. The hobgoblin hits you.
You die...

.........#.#.#.####.#.(......####
..#.###.##.#.#...................
..#+#...............#........####
........##...#.....###########
........####...###..# ........#
###.## ##.### ........###...#
#...## ........##..####+####..#
........##.##.#g@.#.##.#
........##.#..'.bg'..#.#
........##.##.#...#.##.#
........+#..####)####..#
.....<...)#...#).)#...##
..........###.##.##.###
#######)..###..#'#..#
#............## #######....###


You could see a hobgoblin (ally target), a goblin and a friendly bat (summoned).

Vanquished Creatures
  2 dart slugs (D:2)
  4 endoplasms
  4 giant cockroaches (D:2)
  9 goblins
  5 hobgoblins
  2 frilled lizards
  2 kobolds
  A rat (D:1)
29 creatures vanquished.

Vanquished Creatures (collateral kills)
  An adder (D:2)
  2 worms (D:2)
  A ball python (D:1)
  An endoplasm (D:1)
  A frilled lizard (D:1)
  3 goblins (D:2)
  A rat (D:1)
10 creatures vanquished.

Grand Total: 39 creatures vanquished

Notes
Turn   | Place    | Note
-------+----------+-------------------------------------------
     0 | D:1      | qw the Ghoul Summoner began the quest for the Orb.
     0 | D:1      | Reached XP level 1. HP: 14/14 MP: 2/2
     0 | D:1      | 0 ||| qw: Version: 0.1-a-113-g051387a
     0 | D:1      | 0 ||| qw: Game counter: 7239
     0 | D:1      | 0 ||| qw: Always use a shield: true
     0 | D:1      | 0 ||| qw: God list: Okawaru
     0 | D:1      | 0 ||| qw: Allow faded altars: false
     0 | D:1      | 0 ||| qw: Do Orc after D:15 true
     0 | D:1      | 0 ||| qw: Do second Lair branch before Depths: true
     0 | D:1      | 0 ||| qw: Lair rune preference: random
     0 | D:1      | 0 ||| qw: Plans: Normal
     0 | D:1      | 0 ||| PLANNING D:1-11
    20 | D:1      | 20 ||| CASTING Summon Small Mammal
    21 | D:1      | 21 ||| CASTING Summon Small Mammal
    47 | D:1      | 47 ||| Wielding weapon +1 dagger of draining.
    69 | D:1      | 69 ||| SWAPPING to +0 whip.
    70 | D:1      | 70 ||| DROPPING +1 dagger of draining.
    97 | D:1      | 97 ||| CASTING Summon Small Mammal
    98 | D:1      | 98 ||| CASTING Summon Small Mammal
   132 | D:1      | 132 ||| CASTING Summon Small Mammal
   133 | D:1      | 133 ||| CASTING Summon Small Mammal
   145 | D:1      | 145 ||| CASTING Summon Small Mammal
   147 | D:1      | 147 ||| Stepping ~*~*~tactically~*~*~ (outnumbered).
   150 | D:1      | Reached skill level 1 in Axes
   398 | D:1      | Found a snail-covered altar of Cheibriados.
   448 | D:1      | 448 ||| CASTING Summon Small Mammal
   449 | D:1      | 449 ||| CASTING Summon Small Mammal
   475 | D:1      | 475 ||| CASTING Summon Small Mammal
   476 | D:1      | 476 ||| CASTING Summon Small Mammal
   483 | D:1      | Reached skill level 1 in Fighting
   483 | D:1      | Reached XP level 2. HP: 23/23 MP: 0/3
   518 | D:1      | 518 ||| CASTING Summon Small Mammal
   519 | D:1      | 519 ||| CASTING Summon Small Mammal
   520 | D:1      | 520 ||| CASTING Summon Small Mammal
   556 | D:1      | 556 ||| CASTING Summon Small Mammal
   557 | D:1      | 557 ||| CASTING Summon Small Mammal
   558 | D:1      | 558 ||| CASTING Summon Small Mammal
   742 | D:1      | 742 ||| CASTING Summon Small Mammal
   743 | D:1      | 743 ||| CASTING Summon Small Mammal
   744 | D:1      | 744 ||| CASTING Summon Small Mammal
   755 | D:1      | 755 ||| CASTING Summon Small Mammal
   908 | D:1      | 908 ||| CASTING Summon Small Mammal
   909 | D:1      | 909 ||| CASTING Summon Small Mammal
   910 | D:1      | 910 ||| CASTING Summon Small Mammal
   976 | D:1      | 976 ||| CASTING Summon Small Mammal
   977 | D:1      | 977 ||| CASTING Summon Small Mammal
   978 | D:1      | 978 ||| CASTING Summon Small Mammal
  1103 | D:1      | 1103 ||| READING scroll labelled FOERANWEMNEPP.
  1110 | D:1      | 1110 ||| READING scroll labelled GIHUDGH LASYSEV.
  1113 | D:1      | 1113 ||| DRINKING 2 clear potions.
  1117 | D:1      | 1117 ||| DRINKING 3 emerald potions.
  1118 | D:1      | 1118 ||| DRINKING 2 blue potions.
  1122 | D:1      | 1122 ||| DRINKING 2 grey potions.
  1123 | D:1      | 1123 ||| DROPPING potion of magic.
  1128 | D:1      | 1128 ||| DROPPING potion of flight.
  1129 | D:1      | 1129 ||| DROPPING 2 potions of attraction.
  1150 | D:2      | 1150 ||| CASTING Summon Small Mammal
  1151 | D:2      | 1151 ||| STAIRDANCE
  1164 | D:2      | 1164 ||| CASTING Summon Small Mammal
  1165 | D:2      | 1165 ||| CASTING Summon Small Mammal
  1166 | D:2      | 1166 ||| CASTING Summon Small Mammal
  1174 | D:2      | 1174 ||| STAIRDANCE
  1202 | D:2      | 1202 ||| CASTING Summon Small Mammal
  1203 | D:2      | 1203 ||| CASTING Summon Small Mammal
  1204 | D:2      | 1204 ||| CASTING Summon Small Mammal
  1207 | D:2      | 1207 ||| STAIRDANCE
  1298 | D:2      | 1298 ||| CASTING Summon Small Mammal
  1299 | D:2      | 1299 ||| CASTING Summon Small Mammal
  1300 | D:2      | 1300 ||| CASTING Summon Small Mammal
  1379 | D:2      | 1379 ||| CASTING Summon Small Mammal
  1380 | D:2      | 1380 ||| CASTING Summon Small Mammal
  1381 | D:2      | 1381 ||| CASTING Summon Small Mammal
  1392 | D:2      | 1392 ||| CASTING Summon Small Mammal
  1435 | D:2      | 1435 ||| CASTING Summon Small Mammal
  1436 | D:2      | 1436 ||| CASTING Summon Small Mammal
  1437 | D:2      | 1437 ||| CASTING Summon Small Mammal
  1584 | D:2      | 1584 ||| CASTING Summon Small Mammal
  1585 | D:2      | 1585 ||| CASTING Summon Small Mammal
  1586 | D:2      | 1586 ||| CASTING Summon Small Mammal
  1597 | D:2      | 1597 ||| CASTING Summon Small Mammal
  1609 | D:2      | 1609 ||| CASTING Summon Small Mammal
  1686 | D:2      | 1686 ||| CASTING Summon Small Mammal
  1687 | D:2      | 1687 ||| CASTING Summon Small Mammal
  1688 | D:2      | 1688 ||| CASTING Summon Small Mammal
  1732 | D:2      | 1732 ||| Stepping ~*~*~tactically~*~*~ (hiding).
  1836 | D:2      | 1836 ||| CASTING Summon Small Mammal
  1837 | D:2      | 1837 ||| CASTING Summon Small Mammal
  1838 | D:2      | 1838 ||| CASTING Summon Small Mammal
  1845 | D:2      | Reached XP level 3. HP: 28/28 MP: 0/4
  1848 | D:2      | 1848 ||| CASTING Summon Small Mammal
  1859 | D:2      | 1859 ||| CASTING Summon Small Mammal
  1860 | D:2      | HP: 2/28 [worm (9)]
  1861 | D:2      | 1861 ||| DRINKING potion of heal wounds.
  1909 | D:2      | 1909 ||| CASTING Summon Small Mammal
  1910 | D:2      | 1910 ||| CASTING Summon Small Mammal
  1911 | D:2      | 1911 ||| CASTING Summon Small Mammal
  1912 | D:2      | 1912 ||| CASTING Summon Small Mammal
  1920 | D:2      | 1920 ||| CASTING Summon Small Mammal
  1931 | D:2      | 1931 ||| CASTING Summon Small Mammal
  2113 | D:2      | 2113 ||| CASTING Summon Small Mammal
  2114 | D:2      | 2114 ||| CASTING Summon Small Mammal
  2115 | D:2      | 2115 ||| CASTING Summon Small Mammal
  2116 | D:2      | 2116 ||| CASTING Summon Small Mammal
  2124 | D:2      | 2124 ||| CASTING Summon Small Mammal
  2183 | D:2      | 2183 ||| CASTING Summon Small Mammal
  2184 | D:2      | 2184 ||| CASTING Summon Small Mammal
  2185 | D:2      | 2185 ||| CASTING Summon Small Mammal
  2186 | D:2      | 2186 ||| CASTING Summon Small Mammal
  2290 | D:2      | 2290 ||| CASTING Summon Small Mammal
  2291 | D:2      | 2291 ||| CASTING Summon Small Mammal
  2292 | D:2      | 2292 ||| CASTING Summon Small Mammal
  2293 | D:2      | 2293 ||| CASTING Summon Small Mammal
  2340 | D:2      | 2340 ||| CASTING Summon Small Mammal
  2341 | D:2      | 2341 ||| CASTING Summon Small Mammal
  2342 | D:2      | 2342 ||| CASTING Summon Small Mammal
  2343 | D:2      | 2343 ||| CASTING Summon Small Mammal
  2351 | D:2      | 2351 ||| CASTING Summon Small Mammal
  2452 | D:2      | 2452 ||| CASTING Summon Small Mammal
  2453 | D:2      | 2453 ||| CASTING Summon Small Mammal
  2454 | D:2      | 2454 ||| CASTING Summon Small Mammal
  2455 | D:2      | 2455 ||| CASTING Summon Small Mammal
  2530 | D:2      | 2530 ||| CASTING Summon Small Mammal
  2531 | D:2      | 2531 ||| CASTING Summon Small Mammal
  2532 | D:2      | 2532 ||| CASTING Summon Small Mammal
  2533 | D:2      | 2533 ||| CASTING Summon Small Mammal
  2715 | D:2      | 2715 ||| CASTING Summon Small Mammal
  2716 | D:2      | 2716 ||| CASTING Summon Small Mammal
  2717 | D:2      | 2717 ||| CASTING Summon Small Mammal
  2718 | D:2      | 2718 ||| CASTING Summon Small Mammal
  2725 | D:2      | 2725 ||| CASTING Summon Small Mammal
  2733 | D:2      | Reached XP level 4. HP: 16/36 MP: 0/5
  2736 | D:2      | 2736 ||| CASTING Summon Small Mammal
  2909 | D:2      | 2909 ||| CASTING Summon Small Mammal
  2910 | D:2      | 2910 ||| CASTING Summon Small Mammal
  2911 | D:2      | 2911 ||| CASTING Summon Small Mammal
  2912 | D:2      | 2912 ||| CASTING Summon Small Mammal
  2913 | D:2      | 2913 ||| CASTING Summon Small Mammal
  2914 | D:2      | 2914 ||| Stepping ~*~*~tactically~*~*~ (outnumbered).
  2920 | D:2      | 2920 ||| CASTING Summon Small Mammal
  2926 | D:2      | HP: 9/36 [goblin/+0 club (4)]
  2928 | D:2      | HP: 2/36 [goblin/+0 club (3)]
  2928 | D:2      | Slain by a hobgoblin

Levels and vault maps discovered:
D:1:      dpeg_arrival_lava_altar, layout_loops_cross
D:2:      cheibrodos_greedy_goblins, layout_basic, minmay_curled_crystal

Skill      XL: |  1  2  3 |
---------------+----------+-----
Axes           | 1 2 |  2.6
Fighting       | 1 2 |  2.0
Dodging        | |  1.7
Stealth        | |  2.1
Spellcasting   | |  1.7
Summonings     | |  3.6

Action                   |  1- 3 |  4- 6 || total
-------------------------+-------+-------++-------
Melee: Whip              |   118 |    16 ||   134
       Punch             |     3 |     1 ||     4
       Unarmed           |     1 |       ||     1
 Cast: Summon Small Mamm |    88 |     7 ||    95
  Use: Potion            |     5 |       ||     5
       Scroll            |     2 |       ||     2
 Stab: Distracted        |     2 |       ||     2
Armor: Robe              |    24 |     4 ||    28
Dodge: Dodged            |    69 |    13 ||    82

Table legend:
 A = Non-vault XP
 B = Vault XP
 C = Vault XP percentage of total XP
 D = Non-vault monster count
 E = Vault monster count
 F = Vault count percentage of total count
                 A         B        C        D         E       F
            +---------+---------+-------+---------+---------+-------
      Total |      73 |      17 |  18.9 |      30 |       9 |  23.1
            +---------+---------+-------+---------+---------+-------
        D:1 |      17 |       0 |   0.0 |      11 |       0 |   0.0
        D:2 |      56 |      17 |  23.3 |      19 |       9 |  32.1
            +---------+---------+-------+---------+---------+-------
